 Dungeon Crawl Stone Soup version 0.22-a0-166-g5351223 (webtiles) character file.

400 mhoghedin the Tainter (level 6, -2/49 HPs)
             Began as a Naga Venom Mage on Feb 13, 2018.
             Slain by a water moccasin (6 damage)
             ... on level 4 of the Dungeon.
             The game lasted 00:08:42 (4805 turns).

mhoghedin the Tainter (Naga Venom Mage)             Turns: 4805, Time: 00:08:43

Health: -2/49      AC:  4    Str: 15    XL:     6   Next: 84%
Magic:  8/10       EV: 10    Int: 18    God:
Gold:   261        SH:  0    Dex: 11    Spells: 1/11 levels left

rFire    + . .     SeeInvis +   t - +2 spear (venom)
rCold    + . .     Gourm    .   (no shield)
rNeg     . . .     Faith    .   a - +0 robe
rPois    +         Spirit   .   (no helmet)
rElec    +         Reflect  .   (no cloak)
rCorr    +         Harm     .   d - +0 pair of gloves
MR       +....                  (no barding)
Stlth    ++........             (no amulet)
HPRegen  0.16/turn              l - ring of protection from magic {MR+, !d}
MPRegen  0.12/turn              (no ring)

@: mighty, lethally poisoned (-2 -> -6), resistant, very slow
A: large, see invisible, deformed body, poison resistance, slowness 2, slow
metabolism 1, spit poison 1, AC +2
a: Spit Poison


You were on level 4 of the Dungeon.
You were not hungry.

You visited 1 branch of the dungeon, and saw 4 of its levels.

You collected 261 gold pieces.

Inventory:

Hand Weapons
 n - a +0 hunting sling
   (You took it off a goblin on level 2 of the Dungeon)
 t - a +2 spear of venom (weapon)
   (You found it on level 2 of the Dungeon)
Missiles
 o - 96 stones (quivered)
Armour
 a - a +0 robe (worn)
 d - a +0 pair of gloves (worn)
   (You found it on level 1 of the Dungeon)
Jewellery
 l - a ring of protection from magic (left hand) {MR+, !d}
   (You found it on level 2 of the Dungeon)
Wands
 p - a wand of iceblast (6)
   (You found it on level 2 of the Dungeon)
Scrolls
 e - 2 scrolls of identify
 m - a scroll of amnesia {unknown}
 v - a scroll of enchant armour {unknown}
 w - 2 scrolls of remove curse {unknown}
 y - a scroll of random uselessness {unknown}
 A - 2 scrolls of noise {unknown}
Potions
 h - a potion of flight
 j - a potion of brilliance {unknown}
 k - a potion of heal wounds {unknown}
 q - a potion of might
 u - a potion of degeneration {!q}
 x - 2 potions of haste
 B - a potion of agility {unknown}
Books
 b - a Young Poisoner's Handbook
Comestibles
 c - 4 rations
 f - a chunk of flesh {@w0}


   Skills:
 - Level 1.5 Dodging
 - Level 3.0 Stealth
 - Level 3.1 Spellcasting
 - Level 1.0 Conjurations
 + Level 9.1 Poison Magic


You had one spell level left.
You knew the following spells:

 Your Spells              Type           Power        Failure   Level  Hunger
a - Sting                 Conj/Pois      ###.         1%          1    None
b - Poisonous Vapours     Pois/Air       ###...       3%          2    ##.....
c - Olgreb's Toxic Radia  Pois           #####...     3%          4    ####...
x - Mephitic Cloud        Conj/Pois/Air  ###.....     12%         3    ###....


Dungeon Overview and Level Annotations

Branches:
Dungeon (4/15)
 Temple: D:4-7

Altars:


Innate Abilities, Weirdness & Mutations

You cannot wear boots.
Your serpentine skin is tough. (AC +2)
You have supernaturally acute eyesight. (SInv)
Armour fits poorly on your strangely shaped body.
Your system is resistant to poisons. (rPois)
You cover ground very slowly.
You have a slow metabolism.
You can spit poison.


Message History

You see here a worker ant corpse.
A worker ant and 3 orcs come into view.
An orc is wielding a whip of flaming.
You see here a scroll labeled XINKUO TACUENAEMA.
Health restored: 49
There are monsters nearby!
Unknown command.
You begin to radiate toxic energy.
The worker ant twitches its antennae in your direction.
The worker ant is poisoned.
The orc shouts!
The orc is poisoned.
The orc shouts!
The orc is poisoned.
The orc shouts!
The orc is poisoned.
You hear a shout! x2
The worker ant moves out of view.
An orc comes into view.
You now have 6/10 mp.
You barely miss the orc.
You kill the orc!
The orc looks even sicker.
The orc is poisoned.
The orc looks even sicker.
The orc hits you with a whip of flaming.
The orc burns you.
An orc wizard comes into view. It is wielding a dagger.
You take 2 damage, and have 47/49 hp.
You barely miss the orc.
The orc looks even sicker.
The orc wizard shouts!
The orc wizard is poisoned.
Your toxic aura wanes.
You hear an angry hiss.
You kill the orc! x2
You closely miss the orc. The orc closely misses you.
You closely miss the orc.
The orc wizard casts a spell.
The orc wizard blinks!
The orc hits you.
You take 3 damage, and have 44/49 hp.
You hit the orc.
You kill the orc!
You hit the orc wizard.
The orc wizard looks even sicker.
The orc wizard closely misses you. The orc wizard hits you with a dagger.
You take 2 damage, and have 42/49 hp.
You closely miss the orc wizard. The orc wizard hits you with a dagger.
You take 1 damage, and have 41/49 hp.
You hit the orc wizard but do no damage.
The orc wizard looks as sick as possible!
The orc wizard gestures at you while chanting.
You resist with almost no effort.
You closely miss the orc wizard.
You kill the orc wizard!
Your Poison Magic skill increases to level 9!
No target in view!
The worker ant closely misses you.
Things that are here:
a whip of flaming; a leather armour; an orc corpse You hit the worker ant.
The worker ant is poisoned.
The worker ant bites you.
You take 6 damage, and have 36/49 hp.
You hit the worker ant.
You kill the worker ant!
No target in view!
No target in view!
A water moccasin and an ogre come into view.
The water moccasin hisses angrily.
The water moccasin bites you.
You are poisoned.
The water moccasin poisons you!
You see here a worker ant corpse.
You take 3 damage, and have 33/49 hp.
Unknown command.
Unknown command.
Unknown command.
Aim: a water moccasin
Okay, then.
Unknown command.
You feel very mighty all of a sudden.
You feel sick. The water moccasin bites you. The water moccasin bites you!
You take 15 damage, and have 18/49 hp.
MASSIVE DAMAGE!!
Unknown command.
You barely miss the water moccasin.
You feel sick. The water moccasin bites you.
You take 2 damage, and have 16/49 hp.
You closely miss the water moccasin.
You feel sick. The water moccasin barely misses you.
The water moccasin bites you.
* * * LOW HITPOINT WARNING * * *
You take 5 damage, and have 11/49 hp.
You feel sick. The water moccasin bites you.
* * * LOW HITPOINT WARNING * * *
You take 5 damage, and have 6/49 hp.
Okay, then.
As you read the scroll labeled XINKUO TACUENAEMA, it crumbles to dust.
You feel aware of your surroundings.
It was a scroll of magic mapping.
* * * LOW HITPOINT WARNING * * *
You feel sick. The water moccasin barely misses you.
You take 1 damage, and have 5/49 hp.
It was a potion of resistance.
You feel protected.
* * * LOW HITPOINT WARNING * * *
You feel sick. The water moccasin bites you.
You die...

,,,,,*****..#,*#......#
##.# ,,,***
*#..,*#......# ### ,***
*#..*#......## ***** **
*#.##.......# *,,,**
#..#......## *,,,,*
#.........# *,,,**
###)...####***,,,*
##?###**#..,,,**
#@)##....#*,**
******##S....#***,*
****.....O.#)#### ***
**,,,.......,†#
*,,,,.......,.#*
*,,,,.......,..**
*,,,,.......,..,*
*****.......*###*
*#######*


You could see a water moccasin.

Vanquished Creatures
  A bullfrog (D:4)
  A hound (D:4)
  An orc wizard (D:4)
  An iguana (D:4)
  3 worker ants (D:4)
  3 gnolls (D:4)
  5 adders
  An adder skeleton (D:4)
  4 worms
  A dart slug (D:2)
  3 leopard geckos
  13 orcs
  2 ball pythons
  6 bats
  7 giant cockroaches
  4 goblins
  8 hobgoblins
  6 kobolds
  6 frilled lizards
  7 rats
83 creatures vanquished.

Notes
Turn   | Place    | Note
-------+----------+-------------------------------------------
     0 | D:1      | mhoghedin the Naga Venom Mage began the quest for the Orb.
     0 | D:1      | Reached XP level 1. HP: 15/15 MP: 3/3
   383 | D:1      | HP: 1/15 [leopard gecko (3)]
   387 | D:1      | Reached XP level 2. HP: 2/22 MP: 0/5
   692 | D:1      | Learned a level 2 spell: Poisonous Vapours
  1833 | D:2      | Reached XP level 3. HP: 28/28 MP: 1/7
  1941 | D:2      | Reached skill level 5 in Poison Magic
  2288 | D:2      | Reached skill level 3 in Spellcasting
  2673 | D:2      | Reached XP level 4. HP: 36/36 MP: 8/8
  2979 | D:3      | Learned a level 4 spell: Olgreb's Toxic Radiance
  3110 | D:3      | HP: 9/36 [hobgoblin/stone (4)]
  3116 | D:3      | HP: 5/36 [hobgoblin/stone (1)]
  3117 | D:3      | HP: 2/36 [hobgoblin/stone (2)]
  3712 | D:3      | Reached skill level 6 in Poison Magic
  3822 | D:3      | Reached XP level 5. HP: 29/42 MP: 9/9
  4107 | D:4      | Reached skill level 7 in Poison Magic
  4196 | D:4      | HP: 10/42 [gnoll/spear (11)]
  4197 | D:4      | HP: 4/42 [gnoll/spear (4)]
  4203 | D:4      | HP: 7/42 [adder skeleton (2)]
  4312 | D:4      | Learned a level 3 spell: Mephitic Cloud
  4551 | D:4      | Reached XP level 6. HP: 39/49 MP: 5/10
  4597 | D:4      | Reached skill level 8 in Poison Magic
  4795 | D:4      | Reached skill level 9 in Poison Magic
  4799 | D:4      | Noticed a water moccasin
  4802 | D:4      | HP: 11/49 [water moccasin (4)]
  4804 | D:4      | HP: 5/49 [poisoned by a water moccasin]
  4805 | D:4      | Slain by a water moccasin

Vault maps used:
D:1:      dpeg_arrival_shrine, serial_co_window_serial, co_window_cross_1,
          co_window_paths_a, co_window_corner_a, co_window_paths_b,
          co_window_of_opportunity_a, co_window_of_opportunity_a,
          co_window_corner_a, co_window_unsneaky_path_e, co_window_corner_ca,
          co_window_corner_cb, glass_columns_b, glass_columns_b,
          glass_columns_b, glass_columns_a, glass_columns_a, minmay_vboxes
D:2:      minmay_goblin_outpost
D:4:      nicolae_ossuary_entry_monument

Skill      XL: |  1  2  3  4  5  6 |
---------------+-------------------+-----
Poison Magic   | 5 6 7 9 |  9.1
Spellcasting   | 3 |  3.1
Dodging        | |  1.5
Stealth        | |  3.0
Conjurations   | |  1.0

Action                   |  1- 3 |  4- 6 || total
-------------------------+-------+-------++-------
Melee: Unarmed           |    12 |       ||    12
       Dagger            |    29 |       ||    29
       Spear             |    25 |   112 ||   137
 Fire: Hunting sling     |    31 |       ||    31
 Cast: Sting             |    22 |     1 ||    23
       Poisonous Vapours |    17 |     2 ||    19
       Olgreb's Toxic Ra |       |     6 ||     6
 Abil: Spit Poison       |    18 |     1 ||    19
  Use: Scroll            |       |     6 ||     6
       Potion            |       |     4 ||     4
 Stab: Sleeping          |       |     4 ||     4
  Eat: Chunk             |     3 |     7 ||    10
       Ration            |     1 |       ||     1
Armor: Robe              |    16 |    23 ||    39
Dodge: Dodged            |    58 |    57 ||   115

Table legend:
 A = Spawn XP
 B = Non-spawn XP
 C = Spawn XP percentage of total XP
 D = Spawn monster count
 E = Non-spawn monster count
 F = Spawn count percentage of total count
 G = Total turns spent on level
                    A         B        C        D         E        F      G
               +---------+---------+-------+---------+---------+-------+---------
         Total |       0 |     572 |   0.0 |       0 |      83 |   0.0 |  4805
               +---------+---------+-------+---------+---------+-------+---------
           D:1 |       0 |      33 |   0.0 |       0 |      19 |   0.0 |  1758
           D:2 |       0 |      58 |   0.0 |       0 |      20 |   0.0 |  1188
           D:3 |       0 |      79 |   0.0 |       0 |      22 |   0.0 |  1118
           D:4 |       0 |     402 |   0.0 |       0 |      22 |   0.0 |   741
               +---------+---------+-------+---------+---------+-------+---------

Vault maps used:
D:1:      dpeg_arrival_shrine, serial_co_window_serial, co_window_cross_1,
          co_window_paths_a, co_window_corner_a, co_window_paths_b,
          co_window_of_opportunity_a, co_window_of_opportunity_a,
          co_window_corner_a, co_window_unsneaky_path_e, co_window_corner_ca,
          co_window_corner_cb, glass_columns_b, glass_columns_b,
          glass_columns_b, glass_columns_a, glass_columns_a, minmay_vboxes
D:2:      minmay_goblin_outpost
D:4:      nicolae_ossuary_entry_monument

Table legend:
 A = Turns spent in this place as a percentage of turns spent in the entire game.
 B = Non-inter-level travel turns spent in this place as a percentage of non-inter-level travel turns spent in the entire game.
 C = Inter-level travel turns spent in this place as a percentage of turns spent in this place.
 D = Turns resting spent in this place as a percentage of non-inter-level travel turns spent in this place.
 E = Turns spent auto-exploring this place as a percentage of non-inter-level travel turns spent in this place.
 F = Non-inter-level travel turns spent in this place divided by the number of levels of this place that you've seen.
                   A       B       C       D       E      F
               +-------+-------+-------+-------+-------+----------------------
         Total | 100.0 | 100.0 |   2.6 |  38.8 |  46.5 | 1169.5
       Dungeon | 100.0 | 100.0 |   2.6 |  38.8 |  46.5 | 1169.5
               +-------+-------+-------+-------+-------+----------------------

Table legend:
 A = Kills in this place as a percentage of kills in entire the game.
 B = Kills by you in this place as a percentage of kills by you in the entire game.
 C = Kills by friends in this place as a percentage of kills by friends in the entire game.
 D = Other kills in this place as a percentage of other kills in the entire game.
 E = Experience gained in this place as a percentage of experience gained in the entire game.
 F = Experience gained in this place divided by the number of levels of this place that you have seen.
                   A       B       C       D       E      F
               +-------+-------+-------+-------+-------+----------------------
         Total | 100.0 | 100.0 |   N/A |   N/A | 100.0 | 143.0
       Dungeon | 100.0 | 100.0 |   N/A |   N/A | 100.0 | 143.0
               +-------+-------+-------+-------+-------+----------------------
